 Dungeon Crawl Stone Soup version 0.22-a0-247-gbddf880 (webtiles) character file.

38 mhoghedin the Grasshopper (level 3, -3/30 HPs)
             Began as a Draconian Warper on Feb 27, 2018.
             Killed by nerve-wracking pain
             ... invoked by Jessica
              (6 damage)
             ... on level 2 of the Dungeon.
             The game lasted 00:01:49 (770 turns).

mhoghedin the Grasshopper (Draconian Warper)         Turns: 770, Time: 00:01:50

Health: -3/30      AC:  5    Str: 14    XL:     3   Next: 25%
Magic:  6/6        EV: 12    Int: 13    God:
Gold:   51         SH:  0    Dex: 10    Spells: 2/6 levels left

rFire    x . .     SeeInvis .   a - +1 falchion
rCold    + . .     Gourm    .   (no shield)
rNeg     . . .     Faith    .   (armour unavailable)
rPois    .         Spirit   .   (helmet restricted)
rElec    .         Reflect  .   (no cloak)
rCorr    .         Harm     .   (no gloves)
MR       .....                  (no boots)
Stlth    +.........             (no amulet)
HPRegen  0.10/turn              m - ring of ice {rC+, rF-}
MPRegen  0.10/turn              (no ring)

@: no status effects
A: unfitting armour, cold-blooded, AC +5
a: no special abilities


You were on level 2 of the Dungeon.
You were not hungry.

You visited 1 branch of the dungeon, and saw 2 of its levels.

You collected 51 gold pieces.

Inventory:

Hand Weapons
 a - a +1 falchion (weapon)
Missiles
 d - 5 tomahawks of dispersal {=f}
 o - 2 tomahawks (quivered)
Jewellery
 m - a ring of ice (left hand) {rC+, rF-}
   (You found it on level 1 of the Dungeon)
Wands
 n - a wand of disintegration (12)
   (You found it on level 2 of the Dungeon)
Scrolls
 c - a scroll of blinking {!r}
 e - a scroll of enchant armour {unknown}
 f - a scroll of remove curse {unknown}
 g - a scroll of enchant weapon
 h - a scroll of teleportation {unknown}
 i - a scroll of immolation {unknown}
 j - a scroll of magic mapping {unknown}
Potions
 k - a potion of haste
 l - a potion of curing {unknown}
Comestibles
 b - 3 rations


   Skills:
 - Level 2.7 Fighting
 + Level 2.7 Long Blades
 - Level 0.8 Throwing
 - Level 2.5 Dodging
 - Level 2.0 Spellcasting
 + Level 3.2 Translocations


You had 2 spell levels left.
You knew the following spells:

 Your Spells              Type           Power        Failure   Level  Hunger
a - Shroud of Golubria    Chrm/Tloc      #.........   21%         2    ###....
b - Blink                 Tloc           N/A          10%         2    ###....


Dungeon Overview and Level Annotations

Branches:
Dungeon (2/15)

Altars:

Annotations:
D:2 Jessica


Innate Abilities, Weirdness & Mutations

Your plain brown scales are hard. (AC +5)
You cannot fit into any form of body armour.
You are cold-blooded and may be slowed by cold attacks.


Message History

The jackal misses you.
You riposte.
You hit the jackal.
You kill the jackal!
You barely miss the jackal.
The jackal bites you but does no damage.
The jackal closely misses you.
The jackal bites you but does no damage.
You hit the jackal.
Your tail-slap misses the jackal.
The jackal closely misses you. The jackal barely misses you.
The jackal bites you.
You hit the jackal.
You kill the jackal!
The jackal bites you but does no damage.
The jackal barely misses you.
You barely miss the jackal. The jackal closely misses you.
You riposte.
You barely miss the jackal. The jackal barely misses you.
You take 1 damage, and have 29/30 hp.
You hit the jackal.
You kill the jackal!
No target in view!
Health restored: 30 No target in view!
No target in view!
No target in view!
No target in view!
You now have 51 gold pieces (gained 14).
b - 3 rations (gained 1)
You see here a jackal corpse.
You see here a jackal corpse.
o - 4 tomahawks You open the door.
A quokka and Jessica come into view.
Jessica shouts!
Jessica moves out of view.
There is an open door here.
Throwing (i - inventory. (/) - cycle)
o - 4 tomahawks (quivered)
Aim: Jessica, wielding a club and wearing a robe You throw a tomahawk.
The tomahawk hits Jessica.
Jessica casts a spell.
Jessica seems to speed up.
Throwing (i - inventory. (/) - cycle)
o - 3 tomahawks (quivered)
Aim: Jessica, wielding a club and wearing a robe (lightly wounded, fast)
You throw a tomahawk. The tomahawk barely misses Jessica.
You closely miss Jessica. Jessica barely misses you.
You riposte.
You slash Jessica!
Jessica casts a spell.
Jessica blinks!
The quokka closely misses you.
You riposte.
You closely miss the quokka. You closely miss the quokka.
Jessica mumbles some strange words.
Jessica blinks!
The quokka barely misses you.
You riposte.
You barely miss the quokka. You tail-slap the quokka.
Jessica mumbles some strange words.
Jessica blinks!
The quokka bites you.
You take 3 damage, and have 27/30 hp.
The quokka bites you but does no damage.
You hit the quokka but do no damage. The quokka closely misses you.
You close the door.
The quokka barely misses you.
You miss the quokka.
Jessica opens the door.
The quokka completely misses you.
Jessica grins evilly.
Jessica gestures at you while chanting. Pain shoots through your body!
The quokka bites you.
You take 8 damage, and have 20/30 hp.
MASSIVE DAMAGE!!
Jessica casts a spell.
Jessica blinks!
The quokka closely misses you.
There is an open door here.
You hit the quokka.
You kill the quokka!
Jessica gestures at you while chanting. Pain shoots through your body!
* * * LOW HITPOINT WARNING * * *
You take 11 damage, and have 9/30 hp.
MASSIVE DAMAGE!!
Unknown command.
Jessica points at you and mumbles some strange words.
You resist with some effort.
Jessica mumbles some strange words.
Jessica blinks!
You see here a quokka corpse.
You close the door.
You start resting.
Jessica the Apprentice Sorceress opens the door.
She is wielding a club.
You close the door.
Jessica opens the door.
Jessica hits you with a club!
* * * LOW HITPOINT WARNING * * *
There is an open door, spattered with blood here.
You take 7 damage, and have 3/30 hp.
MASSIVE DAMAGE!!
Unknown command.
Okay, then.
Unknown command.
You hit Jessica.
Jessica looks very angry.
Jessica casts a spell at you. Pain shoots through your body!
You die...

....................
...#................
....#...............
....................
....................
#####.....[...........
##..?##....†...#.......
#.....#@..†..#######..#
#(.(.†@...††.# #...
#.....#..#..## #..# .
##.!:##..#.## #...
...#####.....# ###.
#.......##### ##
#......## # #.######


You could see Jessica.

Vanquished Creatures
  A leopard gecko (D:1)
  2 bats (D:1)
  5 goblins
  3 hobgoblins
  8 jackals (D:2)
  2 kobolds
  2 quokkas (D:2)
  7 frilled lizards
  2 rats (D:1)
32 creatures vanquished.

Notes
Turn   | Place    | Note
-------+----------+-------------------------------------------
     0 | D:1      | mhoghedin the Draconian Warper began the quest for the Orb.
     0 | D:1      | Reached XP level 1. HP: 17/17 MP: 3/3
   161 | D:1      | Reached XP level 2. HP: 25/25 MP: 5/5
   173 | D:1      | Learned a level 2 spell: Blink
   176 | D:1      | Learned a level 2 spell: Shroud of Golubria
   442 | D:2      | Reached XP level 3. HP: 18/30 MP: 6/6
   750 | D:2      | Noticed Jessica
   769 | D:2      | HP: 3/30 [Jessica/club (7)]
   770 | D:2      | Killed from afar by Jessica

Vault maps used:
D:1:      saegor_arrival_simple_f
D:2:      serial_glass, glass_columns_b, glass_columns_a, glass_columns_a,
          glass_columns_b, glass_columns_a, glass_columns_c, glass_columns_a,
          glass_columns_a, glass_columns_b, glass_columns_a,
          kennysheep_jessica_study

Action                   || total
-------------------------++-------
Melee: Falchion          ||    66
       Tailslap          ||     5
Throw: Tomahawk          ||     2
  Use: Scroll            ||     2
Armor: Skin              ||    25
Dodge: Dodged            ||    74
       Rpst.: Falchion   ||    27

Table legend:
 A = Spawn XP
 B = Non-spawn XP
 C = Spawn XP percentage of total XP
 D = Spawn monster count
 E = Non-spawn monster count
 F = Spawn count percentage of total count
 G = Total turns spent on level
                    A         B        C        D         E        F      G
               +---------+---------+-------+---------+---------+-------+---------
         Total |       0 |      55 |   0.0 |       0 |      32 |   0.0 |   770
               +---------+---------+-------+---------+---------+-------+---------
           D:1 |       0 |      29 |   0.0 |       0 |      18 |   0.0 |   645
           D:2 |       0 |      26 |   0.0 |       0 |      14 |   0.0 |   125
               +---------+---------+-------+---------+---------+-------+---------

Vault maps used:
D:1:      saegor_arrival_simple_f
D:2:      serial_glass, glass_columns_b, glass_columns_a, glass_columns_a,
          glass_columns_b, glass_columns_a, glass_columns_c, glass_columns_a,
          glass_columns_a, glass_columns_b, glass_columns_a,
          kennysheep_jessica_study

Table legend:
 A = Turns spent in this place as a percentage of turns spent in the entire game.
 B = Non-inter-level travel turns spent in this place as a percentage of non-inter-level travel turns spent in the entire game.
 C = Inter-level travel turns spent in this place as a percentage of turns spent in this place.
 D = Turns resting spent in this place as a percentage of non-inter-level travel turns spent in this place.
 E = Turns spent auto-exploring this place as a percentage of non-inter-level travel turns spent in this place.
 F = Non-inter-level travel turns spent in this place divided by the number of levels of this place that you've seen.
                   A       B       C       D       E      F
               +-------+-------+-------+-------+-------+----------------------
         Total | 100.0 | 100.0 |   1.6 |  34.6 |  42.6 | 379.0
       Dungeon | 100.0 | 100.0 |   1.6 |  34.6 |  42.6 | 379.0
               +-------+-------+-------+-------+-------+----------------------

Table legend:
 A = Kills in this place as a percentage of kills in entire the game.
 B = Kills by you in this place as a percentage of kills by you in the entire game.
 C = Kills by friends in this place as a percentage of kills by friends in the entire game.
 D = Other kills in this place as a percentage of other kills in the entire game.
 E = Experience gained in this place as a percentage of experience gained in the entire game.
 F = Experience gained in this place divided by the number of levels of this place that you have seen.
                   A       B       C       D       E      F
               +-------+-------+-------+-------+-------+----------------------
         Total | 100.0 | 100.0 |   N/A |   N/A | 100.0 |  27.5
       Dungeon | 100.0 | 100.0 |   N/A |   N/A | 100.0 |  27.5
               +-------+-------+-------+-------+-------+----------------------
